 Dungeon Crawl Stone Soup version 0.28-b1-25-g9875b3fc8c (webtiles) character file.

Game seed: 14091406797046203794

38 sanka the Conjurer (level 3, -2/20 HPs)
             Began as a Tengu Enchanter on Feb 5, 2022.
             Frozen to death by an endoplasm (5 damage)
             ... on level 2 of the Dungeon.
             The game lasted 00:01:36 (1431 turns).

sanka the Conjurer (Tengu Enchanter)                Turns: 1431, Time: 00:01:37

Health: -2/20      AC:  3    Str:  8    XL:     3   Next: 43%
Magic:  7/7        EV: 12    Int: 17    God:
Gold:   24         SH:  0    Dex: 14    Spells: 3/6 levels left

rFire   . . .      SeeInvis .   j - +0 long sword
rCold   . . .      Faith    .   (no shield)
rNeg    . . .      Spirit   .   b - +0 robe
rPois   .          Reflect  .   (helmet restricted)
rElec   .          Harm     .   (no cloak)
rCorr   .          Rampage  .   i - +0 pair of gloves
Will    .....                   (boots unavailable)
Stlth   ++........              (no amulet)
HPRegen 0.06/turn               (no ring)
MPRegen 0.10/turn               (no ring)

@: no status effects
A: beak, talons 3
a: no special abilities


You were on level 2 of the Dungeon.
You visited 1 branch of the dungeon, and saw 2 of its levels.

You collected 24 gold pieces.

Inventory:

Hand Weapons
 a - a +1 dagger
 j - a +0 long sword (weapon)
Armour
 b - a +0 robe (worn)
 i - a +0 pair of gloves (worn)
Scrolls
 d - a scroll of noise {unknown}
 e - a scroll of teleportation {unknown}
 f - a scroll of summoning {unknown}
 g - a scroll of fear {unknown}
 m - a scroll of enchant weapon {unknown}
Potions
 c - a potion of invisibility
 h - 3 potions of curing {unknown}
 k - a potion of mutation {unknown}
 l - a potion of heal wounds


   Skills:
 - Level 0.5 Fighting
 - Level 1.1 Short Blades
 - Level 2.3 Dodging
 - Level 3.0 Stealth
 - Level 2.0 Spellcasting
 + Level 3.6 Conjurations
 - Level 2.1 Hexes


You had 3 spell levels left.
You knew the following spells:

 Your Spells              Type           Power      Damage    Failure   Level
a - Stone Arrow           Conj/Erth      14%        3d7       28%         3

Your spell library contained the following spells:

 Spells                   Type           Power      Damage    Failure   Level
 Ensorcelled Hibernation  Hex/Ice        10%        N/A       19%         2
 Dazzling Flash           Conj/Hex       22%        N/A       19%         3
 Confusing Touch          Hex            9%         N/A       24%         3
 Tukima's Dance           Hex            9%         N/A       24%         3
 Ignite Poison            Fire/Tmut/Pois 1%         N/A       50%         3
 Animate Armour           Summ/Erth      2%         N/A       88%         4
 Summon Lightning Spire   Summ/Air       1%         N/A       88%         4
 Conjure Ball Lightning   Conj/Air       3%         3x3d6     100%        6
 Lehudib's Crystal Spear  Conj/Erth      3%         10d3      100%        8


Dungeon Overview and Level Annotations

Branches:
Dungeon (2/15)

Altars:


Innate Abilities, Weirdness & Mutations

You have a beak for a mouth.
You have claws for feet.


Message History

You slash the kobold!
You kill the kobold!
The kobold closely misses you.
Items here: ! $ ) [.
You hit the kobold. Your kick misses the kobold.
The kobold is heavily wounded.
The kobold barely misses you.
You closely miss the kobold. You claw the kobold.
You kill the kobold!
The rat closely misses you.
You barely miss the rat. Your kick misses the rat.
The rat bites you but does no damage. The rat bites you.
You closely miss the rat. Your peck misses the rat.
The rat bites you but does no damage.
You hit the rat.
You kill the rat!
Found a ring mail.
You start resting.
An adder comes into view.
h - 3 smoky golden potions (gained 1)
You now have 24 gold pieces (gained 14).
Things that are here:
a +0 dagger; a +0 scale mail You see here a +0 dagger.
You see here a +0 ring mail.
A dart slug comes into view.
A dart slug is nearby!
A worm comes into view.
An endoplasm comes into view.
Found 11 gold pieces.
Found a stone staircase leading up.
The endoplasm quivers.
The adder hisses angrily.
The dart slug launches a dart at you. The slug dart hits you.
The dart slug launches a dart at you. The slug dart hits you.
* * * LOW HITPOINT WARNING * * *
The endoplasm freezes you.
You are frozen.
You die...

#.....###..##...
##.###..>...^....# #..#
#............ # #.)#
#..........# .. #.)#
#........$.# ##
...###.####....S.....##
........[..........w....
....##.####.....wJ..<.#
.. ..$ #......@.....#
..#.# #..#..........# ##
#. #.##..........# #. #.
############ #. #. .


You could see a worm, an adder, a dart slug and an endoplasm.

Vanquished Creatures
  3 dart slugs
  3 endoplasms
  2 giant cockroaches (D:1)
  2 goblins (D:2)
  2 hobgoblins (D:1)
  4 jackals (D:1)
  5 kobolds
  A quokka (D:1)
  3 bats
  A frilled lizard (D:1)
  2 rats (D:2)
28 creatures vanquished.

Notes
Turn   | Place    | Note
-------+----------+-------------------------------------------
     0 | D:1      | sanka the Tengu Enchanter began the quest for the Orb.
     0 | D:1      | Reached XP level 1. HP: 10/10 MP: 4/4
   160 | D:1      | Reached skill level 1 in Conjurations
   162 | D:1      | Reached XP level 2. HP: 15/16 MP: 6/6
   651 | D:1      | Got the Incunabulum of Torrid Lightness
   716 | D:1      | Reached XP level 3. HP: 20/20 MP: 7/7
   846 | D:1      | Learned a level 3 spell: Stone Arrow
  1431 | D:2      | Frozen to death by an endoplasm

Illustrated notes

Levels and vault maps discovered:
D:1:      kennysheep_arrival_forest, layout_rooms
D:2:      layout_rooms

Skill      XL: |  1  2 |
---------------+-------+-----
Conjurations   | 1 3 |  3.6
Fighting       | |  0.5
Short Blades   | |  1.1
Dodging        | |  2.3
Stealth        | |  3.0
Spellcasting   | |  2.0
Hexes          | |  2.1

Action                   || total
-------------------------++-------
Melee: Dagger            ||    50
       Kick              ||    18
       Peck              ||    14
       Long sword        ||    27
 Stab: Sleeping          ||     2
Armor: Robe              ||    20
Dodge: Dodged            ||    45
